 Dungeon Crawl Stone Soup version 0.28.0-1-gb440e238dd (webtiles) character file.

Game seed: 15115364140760029949

37 Ablot the Grasshopper (level 3, -8/31 HPs)
             Began as a Gnoll Warper on Feb 22, 2022.
             Killed from afar by an orc wizard (9 damage)
             ... with a puff of flame
             ... on level 2 of the Dungeon.
             The game lasted 00:03:16 (2071 turns).

Ablot the Grasshopper (Gnoll Warper)                Turns: 2071, Time: 00:03:17

Health: -8/31      AC:  5    Str: 12    XL:     3   Next: 41%
Magic:  9/9        EV: 13    Int: 12    God:
Gold:   83         SH:  0    Dex: 17    Spells: 10/12 levels left

rFire   . . .      SeeInvis .   a - +0 spear
rCold   . . .      Faith    .   (no shield)
rNeg    . . .      Spirit   .   b - +0 leather armour
rPois   .          Reflect  .   (no helmet)
rElec   .          Harm     .   (no cloak)
rCorr   .          Rampage  .   p - +0 pair of gloves
Will    .....                   f - +0 pair of boots
Stlth   ++........              (no amulet)
HPRegen 0.10/turn               r - +6 ring of dexterity
MPRegen 0.11/turn               (no ring)

@: no status effects
A: fangs 1, strong nose, distributed training
a: no special abilities


You were on level 2 of the Dungeon.
You visited 1 branch of the dungeon, and saw 3 of its levels.

You collected 83 gold pieces.

Inventory:

Hand Weapons
 a - a +0 spear (weapon)
Missiles
 d - 5 boomerangs of dispersal (quivered)
 i - 87 stones
 j - 62 arrows
 q - 18 sling bullets
Armour
 b - a +0 leather armour (worn)
 f - a +0 pair of boots (worn)
 p - a +0 pair of gloves (worn)
Magical Staves
 h - a staff of conjuration
Jewellery
 g - a ring of fire
 r - a +6 ring of dexterity (left hand)
Scrolls
 c - a scroll of blinking
 e - a scroll of enchant armour {unknown}
 k - a scroll of teleportation {unknown}
 m - a scroll of summoning {unknown}
 n - a scroll of identify {unknown}
Potions
 l - a potion of curing {unknown}
 o - a potion of haste {unknown}


   Skills:
 + Level 4.5 Fighting
 + Level 0.8 Short Blades
 + Level 0.8 Long Blades
 + Level 0.8 Axes
 + Level 0.8 Maces & Flails
 + Level 4.5 Polearms
 + Level 0.8 Staves
 + Level 0.8 Slings
 + Level 0.8 Bows
 + Level 0.8 Crossbows
 + Level 2.6 Throwing
 + Level 2.6 Armour
 + Level 4.5 Dodging
 + Level 0.8 Stealth
 + Level 0.8 Shields
 + Level 0.8 Unarmed Combat
 + Level 5.0 Spellcasting
 + Level 0.5 Conjurations
 + Level 0.5 Hexes
 + Level 0.5 Summonings
 + Level 0.5 Necromancy
 + Level 5.4 Translocations
 + Level 0.5 Transmutations
 + Level 0.5 Fire Magic
 + Level 0.5 Ice Magic
 + Level 0.5 Air Magic
 + Level 0.5 Earth Magic
 + Level 0.5 Poison Magic
 + Level 1.0 Invocations
 + Level 0.8 Evocations


You had 10 spell levels left.
You knew the following spells:

 Your Spells              Type           Power      Damage    Failure   Level
a - Blink                 Tloc           32%        N/A       4%          2

Your spell library contained the following spells:

 Spells                   Type           Power      Damage    Failure   Level
 Gell's Gravitas          Tloc           16%        N/A       9%          3
 Lesser Beckoning         Tloc           16%        N/A       9%          3
 Teleport Other           Tloc           16%        N/A       9%          3
 Shock                    Conj/Air       16%        1d4       21%         1
 Swiftness                Air            4%         N/A       52%         3
 Manifold Assault         Tloc           16%        N/A       58%         5
 Airstrike                Air            2%         N/A       89%         4
 Fireball                 Conj/Fire      2%         3d4       99%         5
 Starburst                Conj/Fire      2%         6d3       100%        6
 Ignition                 Fire           2%         3d3       100%        8


Dungeon Overview and Level Annotations

Branches:
Dungeon (3/15)

Altars:

Shops:
D:2 :


Innate Abilities, Weirdness & Mutations

You have very sharp teeth.
Your uncanny sense of smell can sniff out nearby items.
Your experience applies equally to all skills.


Message History

The orc hits you with a +0 trident.
You climb upwards.
There is a stone staircase leading down here.
Unknown command.
You hit the orc wizard but do no damage.
The orc misses you. The orc wizard closely misses you.
You closely miss the orc wizard. The orc hits you but does no damage.
The orc wizard closely misses you.
You hit the orc wizard.
You bite the orc wizard, but do no damage.
The orc wizard is lightly wounded.
The orc hits you with a +0 trident.
The orc wizard gestures at you while chanting.
The puff of flame hits you!
You hit the orc wizard.
The orc wizard is moderately wounded.
The orc barely misses you.
You hit the orc wizard but do no damage.
The orc wizard is moderately wounded.
The orc wizard gestures at you while chanting.
The puff of flame hits you!
* * * LOW HITPOINT WARNING * * *
The orc hits you but does no damage.
You closely miss the orc wizard. You bite the orc wizard.
The orc wizard is moderately wounded.
The orc wizard barely misses you. The orc closely misses you.
You hit the orc wizard.
The orc wizard is heavily wounded.
The orc wizard hits you but does no damage.
You hit the orc wizard but do no damage.
The orc wizard is heavily wounded.
The orc barely misses you.
The orc wizard points at you and mumbles some strange words.
You resist with significant effort.
You hit the orc wizard but do no damage.
The orc wizard is heavily wounded.
The orc closely misses you.
The orc wizard gestures at you while chanting.
The puff of flame hits you!
You die...

#............####.........
#.######.#.#....#.........
#.# #.#......#.........
#.# #.#.######.........
#.######.#......#.........
#.#........####.##########
#.#........# #.#
#.#.....o.รท# #.#
#.#.....o@.# #.##########
#.######'### #.....#.....
#.# #.##########.#.....
#.# #..................
#.# #############......
#.# #.###.# #.# #.# #.#
#.# #.# #.# #.# #.# #.#


You could see an orc wizard and an orc.

Vanquished Creatures
  An adder (D:2)
  An orc (D:3)
  2 endoplasms
  2 giant cockroaches
  3 goblins
  4 hobgoblins
  2 ball pythons
  4 bats
  3 frilled lizards (D:2)
  3 kobolds (D:1)
  2 rats
27 creatures vanquished.

Notes
Turn   | Place    | Note
-------+----------+-------------------------------------------
     0 | D:1      | Ablot the Gnoll Warper began the quest for the Orb.
     0 | D:1      | Reached XP level 1. HP: 20/20 MP: 6/6
    86 | D:1      | Found a faded altar of an unknown god.
   307 | D:1      | Reached XP level 2. HP: 23/26 MP: 7/7
   310 | D:1      | Learned a level 2 spell: Blink
  1000 | D:2      | Found Fimetz's Book Shoppe.
  1080 | D:2      | Reached skill level 5 in Spellcasting
  1080 | D:2      | Reached XP level 3. HP: 21/31 MP: 7/9
  1762 | D:3      | HP: 1/31 [orc (4)]
  1766 | D:2      | Reached skill level 1 in Invocations
  2067 | D:2      | HP: 1/31 [orc wizard/puff of flame (10)]
  2071 | D:2      | Killed from afar by an orc wizard

Illustrated notes

Levels and vault maps discovered:
D:1:      saegor_arrival_simple_b, layout_basic, basic_ecumenical_altar,
          minmay_misc_feat_doors
D:2:      layout_basic, serial_shops, nicolae_shop_hallway_plus,
          amcnicky_mini_pool_small
D:3:      layout_rooms, serial_glass, glass_columns_a, glass_columns_b,
          feat_on_display, due_unseen_surprise, minmay_strange_pillars,
          biasface_ghost_orc_armoury

Skill      XL: |  1  2  3 |
---------------+----------+-----
Spellcasting   | 5 |  5.0
Invocations    | 1 |  1.0
Fighting       | |  4.5
Short Blades   | |  0.8
Long Blades    | |  0.8
Axes           | |  0.8
Maces & Flails | |  0.8
Polearms       | |  4.5
Staves         | |  0.8
Slings         | |  0.8
Bows           | |  0.8
Crossbows      | |  0.8
Throwing       | |  2.6
Armour         | |  2.6
Dodging        | |  4.5
Stealth        | |  0.8
Shields        | |  0.8
Unarmed Combat | |  0.8
Conjurations   | |  0.5
Hexes          | |  0.5
Summonings     | |  0.5
Necromancy     | |  0.5
Translocations | |  5.4
Transmutations | |  0.5
Fire Magic     | |  0.5
Ice Magic      | |  0.5
Air Magic      | |  0.5
Earth Magic    | |  0.5
Poison Magic   | |  0.5
Evocations     | |  0.8

Action                   || total
-------------------------++-------
Melee: Spear             ||   104
       Bite              ||    10
Armor: Leather armour    ||    25
Dodge: Dodged            ||    57
